 Dungeon Sprint DCSS version 0.16-a0-3049-g2a447e9 (webtiles) character file.

66390 BluebellGnoll the Executioner (level 15, -4/131 HPs)
             Began as a Formicid Earth Elementalist on Dec 9, 2014.
             Was the Champion of Makhleb.
             Killed from afar by a fire giant (9 damage)
             ... with a bolt of fire
             ... in the Dungeon (Sprint V: "Ziggurat Sprint").
             The game lasted 00:33:43 (1265 turns).

BluebellGnoll the Executioner (FoEE)                Turns: 1265, Time: 00:33:44

Health: -4/131     AC: 34    Str: 25    XL:     15   Next: 62%
Magic:  30/30      EV:  3    Int: 21    God:    Makhleb [******]
Gold:   0          SH: 35    Dex: 11    Spells: 5 memorised, 6 levels left

rFire  + . .     SeeInvis +     F - +9 executioner's axe (flame)
rCold  + + .     Clarity  +     y - +5 gold dragon armour
rNeg   + + .     SustAb   .     H - +18 shield of the gong {rElec rN+ MR+ EV-5}
rPois  +         Gourm    .     (helmet unavailable)
rElec  +         Spirit   .     r - +2 cloak of Vexation {rC+ rN+ rCorr}
rCorr  +         Warding  .     (no gloves)
rMut   .         Stasis   +     S - +1 pair of boots {Stlth+}
MR     ++...                    I - amulet of clarity
Stlth  ..........               p - +6 ring of strength
                                q - +6 ring of strength

@: studying Poison Magic, invisible, very resistant to hostile enchantments,
extremely unstealthy
A: permanent stasis, dig shafts and tunnels, four strong arms, antennae 3
a: Dig, Minor Destruction, Lesser Servant of Makhleb, Major Destruction, Greater
Servant of Makhleb, Renounce Religion


You were in the Dungeon.
You worshipped Makhleb.
Makhleb was exalted by your worship.
You were hungry.

You visited 1 branch

Inventory:

Hand weapons
 F - a +9 executioner's axe of flaming (weapon)
 G - the +14 obsidian axe {chop, +Fly Str+3 SInv Curse}
   (You found it in the Dungeon)

   It inflicts extra damage upon your enemies.
   It affects your strength (+3).
   It enhances your eyesight.
   It lets you fly.
   It may recurse itself when equipped.
Armour
 r - the +2 cloak of Vexation (worn) {rC+ rN+ rCorr}
   (You found it in the Dungeon)

   It protects you from cold.
   It protects you from negative energy.
   It protects you from acid and corrosion.
 y - a +5 gold dragon armour (worn)
 H - the +18 shield of the gong (worn) {rElec rN+ MR+ EV-5}
   (You found it in the Dungeon)

   It affects your evasion (-5).
   It insulates you from electricity.
   It protects you from negative energy.
   It affects your resistance to hostile enchantments.
 S - a +1 pair of boots of stealth (worn)
Rods
 C - a +6 rod of clouds (1/13)
   (You found it in the Dungeon)
 M - a +4 rod of ignition (12/14)
   (You took it off a vault guard in the Dungeon)
 T - a +4 rod of clouds (8/12)
   (You found it in the Dungeon)
Jewellery
 c - an uncursed ring of protection from cold
 o - a +6 ring of intelligence
 p - a +6 ring of strength (right hand)
 q - a +6 ring of strength (left hand)
 I - an amulet of clarity (around neck)
 P - an uncursed ring of protection from fire
 R - an uncursed ring of ice
 U - the ring "Juezaphe" {Wiz Int+1 Dex+5}
   (You took it off Maud in the Dungeon)

   [ring of wizardry]

   It improves your spell success rate.
   It affects your intelligence (+1).
   It affects your dexterity (+5).
 W - the ring of the Queen {SustAb +Inv rN+}
   (You found it in the Dungeon)

   [ring of sustain abilities]

   It sustains your strength, intelligence and dexterity.
   It protects you from negative energy.
   It lets you turn invisible.
Magical devices
 g - a wand of disintegration (6)
 i - a wand of fire (5)
 j - a wand of cold (5)
 k - a wand of draining (5)
 V - a wand of enslavement (20)
Scrolls
 n - 4 scrolls of amnesia
 s - 9 scrolls of fog
 t - a scroll of holy word
 u - 5 scrolls of identify
 v - 4 scrolls of remove curse
 w - 2 scrolls of fear
Potions
 e - 10 potions of curing
 f - 13 potions of heal wounds
 h - 7 potions of magic
 x - 2 potions of brilliance
 z - a potion of invisibility
 A - a potion of restore abilities
 B - 4 potions of resistance
 D - 5 potions of agility
 E - 5 potions of might
Books
 b - a manual of Poison Magic
 O - a book of the Earth

   Spells                             Type                      Level
   a - Leda's Liquefaction            Hexes/Earth                  4
   b - Bolt of Magma                  Conjuration/Fire/Earth       5
   c - Statue Form                    Transmutation/Earth          6
   d - Iron Shot                      Conjuration/Earth            6
   e - Shatter                        Earth                        9
Miscellaneous
 K - a phial of floods
 L - a phial of floods
 N - a phantom mirror
 Q - a stone of tremors
Comestibles
 a - 5 bread rations
 l - 42 fruits
 m - 4 meat rations
 J - 3 chunks of flesh


   Skills:
 - Level 16.2 Fighting
 - Level 24.1 Axes
 - Level 19.2 Armour
 + Level 5.3 Dodging
 - Level 2.4 Stealth
 - Level 21.7 Shields
 - Level 2.1 Spellcasting
 - Level 1.1 Transmutations
 - Level 3.6 Earth Magic
 - Level 10.7 Invocations
 - Level 10.7 Evocations


You had 6 spell levels left.
You knew the following spells:

 Your Spells              Type           Power        Failure   Level  Hunger
a - Sandblast             Erth           ###...       73%         1    #......
b - Stoneskin             Trmt/Erth      ##......     99%         2    ##.....
c - Lee's Rapid Deconstr  Erth           ###.......   100%        5    ######.
d - Mephitic Cloud        Conj/Pois/Air  #.......     100%        3    ###....
e - Summon Butterflies    Summ           #.......     100%        1    #......


Dungeon Overview and Level Annotations

Branches:
Dungeon (1/1)

Altars:
Ashenzari
Cheibriados
Dithmenos
Elyvilon
Fedhas
Gozag
Kikubaaqudgha
Makhleb
Nemelex Xobeh
Okawaru
Qazlal
Ru
Sif Muna
Trog
Vehumet
Xom
Yredelemnul
Zin
The Shining One
Beogh
Jiyva
Lugonu

Annotations:
D Azrael, Frances, Joseph


Innate Abilities, Weirdness & Mutations

You are under a permanent stasis effect.
You can dig through walls and to a lower floor.
Your four strong arms can wield two-handed weapons with a shield.
You have a pair of large antennae on your head (SInv).


Message History

You block the titan's attack.
SHROANNG!
The frost giant is engulfed in roaring flames.
The frost giant is engulfed in poison gas.
The frost giant is poisoned.
The titan is engulfed in roaring flames.
The stone giant is engulfed in poison gas.
The stone giant looks even sicker.
The frost giant looks even sicker.
Unknown command.
Unknown command.
Drink which item? (? for menu, Esc to quit)
You fade into invisibility!
The frost giant hits you with a battleaxe of freezing.
* * * LOW HITPOINT WARNING * * *
The frost giant is engulfed in poison gas.
The frost giant looks even sicker.
You block the frost giant's attack.
PTOANNNG!
The fire giant gestures at you while chanting.
The bolt of fire hits you! You resist.
You die... ▓.. ▓. ▓..}}) {{{{{{{ ▓. ▓..)})) {{{{{

▓. ▓§§....)C ▓)
▓§C§C...C ▓)
▓§CCC§... ▓(
▓CCCC§.... ▓.
▓CCC.CC...... ▓(
▓@CC§......... ▓.
▓CC............ ▓.
▓...............▓.
▓...▓.......▓...▓▓
▓...............▓.
▓...............▓.
▓...............▓.
▓▓▓▓▓▓▓▓▓▓▓▓▓▓▓▓▓.
{ ▓.


You could see 5 titans, 5 frost giants, 2 fire giants, 3 stone giants, 3 hill
giants and a cyclops.

Vanquished Creatures
  Norris (D)
  A golden dragon (D)
  An acid blob (D)
  A titan (D)
  2 deep elf blademasters (D)
  An azure jelly (D)
  An azure jelly (shapeshifter) (D)
  Donald (D)
  Wiglaf (D)
  Maud (D)
  2 orc warlords (D)
  A green draconian (D)
  A grey draconian (D)
  A black draconian (D)
  A red draconian (D)
  2 yellow draconians (D)
  Snorg (D)
  2 great orbs of eyes (D)
  6 death oozes (D)
  A yaktaur captain (D)
  Josephine (D)
  9 vault guards (D)
  An orc high priest (D)
  3 deep elf knights (D)
  A sun demon (D)
  A deep elf summoner (D)
  A mana viper (shapeshifter) (D)
  3 orc knights (D)
  A shining eye (D)
  An orb spider (shapeshifter) (D)
  A deep elf conjurer (D)
  3 draconians (D)
  A moth of wrath (shapeshifter) (D)
  A sixfirhy (D)
  2 orc sorcerers (D)
  A cyclops (shapeshifter) (D)
  A smoke demon (D)
  Psyche (D)
  An elf (shapeshifter) (D)
  A demonic crawler (D)
  2 blue devils (D)
  4 merfolk (D)
  A jumping spider (D)
  Grinder (D)
  13 slime creatures (D)
  A two-headed ogre (D)
  2 redbacks (D)
  A ynoxinul (D)
  A tarantella (D)
  A chaos spawn (D)
  3 deep elf magi (D)
  2 golden eyes (D)
  2 hippogriffs (D)
  A swamp worm (shapeshifter) (D)
  Edmund (D)
  A neqoxec (D)
  An ice beast (D)
  Purgy (D)
  Sigmund (D)
  2 centaurs (D)
  A scorpion (D)
  A quasit (D)
  3 jellies (D)
  A crimson imp (D)
  2 iron imps (D)
  A small abomination (D)
  A hell rat (D)
  2 sheep (D)
  Ijyb (D)
  Jessica (D)
  4 white imps (D)
  4 shadow imps (D)
  4 giant mites (D)
  5 ufetubi (D)
  An adder skeleton (D)
  3 oozes (D)
  7 orcs (D)
  A bat skeleton (D)
  A bat zombie (D)
  A ball python zombie (D)
  3 goblins (D)
  A quokka zombie (D)
  A fungus (D)
156 creatures vanquished.

Vanquished Creatures (collateral kills)
  A draconian monk (D)
  A stone giant (D)
  A green draconian (D)
  2 yellow draconians (D)
  2 purple draconians (D)
  A death ooze (D)
  2 vault guards (D)
  An ettin (D)
  A sea snake (shapeshifter) (D)
  A deep elf summoner (D)
  A deep elf conjurer (D)
  3 draconians (D)
  A cyclops (D)
  An eye of devastation (D)
  A deep elf priest (D)
  2 merfolk (D)
  2 slime creatures (D)
  A deep elf mage (D)
  A ynoxinul (D)
  A chaos spawn (D)
  2 neqoxecs (D)
  3 orc warriors (D)
  A centaur (D)
  2 sheep (D)
  2 white imps (D)
  A shadow imp (D)
  An adder zombie (D)
  An ooze (D)
  6 orcs (D)
  A goblin (D)
  A fungus (D)
48 creatures vanquished.

Vanquished Creatures (others)
  A black draconian (D)
  13 water elementals (D)
  A neqoxec (D)
15 creatures vanquished.

Grand Total: 219 creatures vanquished

Notes
Turn   | Place    | Note
--------------------------------------------------------------
     0 | D        | BluebellGnoll, the Formicid Earth Elementalist, began the quest for the Orb.
     0 | D        | Reached XP level 1. HP: 13/13 MP: 3/3
     0 | D        | Found a viscous altar of Jiyva.
     0 | D        | Found a corrupted altar of Lugonu.
     0 | D        | Found a white marble altar of Elyvilon.
     1 | D        | Found a sparkling altar of Nemelex Xobeh.
     1 | D        | Found a burning altar of Makhleb.
     1 | D        | Found a deep blue altar of Sif Muna.
     1 | D        | Found an iron altar of Okawaru.
     3 | D        | Found a bloodstained altar of Trog.
    14 | D        | Found a radiant altar of Vehumet.
    15 | D        | Found a basalt altar of Yredelemnul.
    25 | D        | Found a shimmering altar of Xom.
    35 | D        | Became a worshipper of Makhleb the Destroyer
    55 | D        | Reached skill level 8 in Armour
    55 | D        | Reached XP level 2. HP: 19/19 MP: 5/5
    58 | D        | Entered arena 1.
    58 | D        | Noticed a deep elf conjurer
    58 | D        | Noticed an orc high priest
    61 | D        | Noticed an orange demon
    61 | D        | Noticed a blue devil
    63 | D        | Noticed a hellwing
    65 | D        | Killed an orc high priest
    65 | D        | Reached skill level 13 in Axes
    65 | D        | Reached XP level 3. HP: 21/24 MP: 7/7
    65 | D        | Reached XP level 4. HP: 26/30 MP: 8/8
    65 | D        | Reached XP level 5. HP: 30/35 MP: 11/11
    65 | D        | Reached XP level 6. HP: 35/41 MP: 12/12
    65 | D        | Reached XP level 7. HP: 39/46 MP: 14/14
    70 | D        | Killed a deep elf conjurer
    70 | D        | Acquired Makhleb's first power
    70 | D        | Reached skill level 14 in Axes
    70 | D        | Reached XP level 8. HP: 26/52 MP: 16/16
    81 | D        | Learned a level 2 spell: Stoneskin
    87 | D        | Learned a level 5 spell: Lee's Rapid Deconstruction
   222 | D        | Entered arena 2.
   222 | D        | Noticed a draconian
   222 | D        | Noticed a green draconian
   222 | D        | Noticed a draconian
   230 | D        | Killed a draconian
   231 | D        | Killed a green draconian
   231 | D        | Acquired Makhleb's second power
   231 | D        | Reached XP level 9. HP: 41/57 MP: 18/18
   234 | D        | Killed a draconian
   238 | D        | Identified the Compendium of Assistive Execration (You found it in the Dungeon)
   312 | D        | Entered arena 3.
   312 | D        | Noticed a quasit
   315 | D        | Killed a quasit
   315 | D        | Reached skill level 1 in Fighting
   317 | D        | Acquired Makhleb's third power
   328 | D        | Entered arena 4.
   328 | D        | Noticed a crimson imp
   328 | D        | Noticed an iron imp
   332 | D        | Killed an iron imp
   333 | D        | Acquired Makhleb's fourth power
   335 | D        | Killed a crimson imp
   343 | D        | Entered arena 5.
   343 | D        | Noticed a scorpion
   346 | D        | Acquired Makhleb's fifth power
   347 | D        | Killed a scorpion
   347 | D        | Reached XP level 10. HP: 71/73 MP: 18/18
   356 | D        | Entered arena 6.
   356 | D        | Noticed a small abomination
   356 | D        | Noticed a ynoxinul
   363 | D        | Killed a small abomination
   365 | D        | Killed a ynoxinul
   365 | D        | Reached skill level 5 in Fighting
   372 | D        | Got the +2 cloak of Vexation {rC+ rN+ rCorr}
   386 | D        | Learned a level 3 spell: Mephitic Cloud
   391 | D        | Entered arena 7.
   391 | D        | Noticed a draconian
   391 | D        | Noticed a draconian
   391 | D        | Noticed a yellow draconian
   391 | D        | Noticed a grey draconian
   391 | D        | Noticed a draconian
   391 | D        | Noticed a draconian
   398 | D        | Killed a draconian
   399 | D        | Killed a draconian
   399 | D        | Reached skill level 5 in Invocations
   399 | D        | Reached skill level 5 in Evocations
   401 | D        | Killed a draconian
   402 | D        | Killed a draconian
   404 | D        | Killed a grey draconian
   406 | D        | Killed a yellow draconian
   406 | D        | Reached skill level 10 in Invocations
   406 | D        | Reached skill level 10 in Evocations
   406 | D        | Reached XP level 11. HP: 81/81 MP: 20/27
   429 | D        | Entered arena 8.
   429 | D        | Noticed a merfolk
   429 | D        | Noticed a centaur
   429 | D        | Noticed a merfolk
   429 | D        | Noticed a cyclops
   429 | D        | Noticed a hippogriff
   429 | D        | Noticed a merfolk
   431 | D        | Killed a centaur
   432 | D        | Killed a merfolk
   436 | D        | Killed a hippogriff
   438 | D        | Killed a merfolk
   439 | D        | Killed a cyclops
   439 | D        | Reached skill level 10 in Armour
   440 | D        | Killed a merfolk
   462 | D        | Entered arena 9.
   478 | D        | Learned a level 1 spell: Summon Butterflies
   481 | D        | Entered arena 10.
   481 | D        | Noticed a merfolk
   481 | D        | Noticed a hippogriff
   481 | D        | Noticed a merfolk
   481 | D        | Noticed a merfolk
   481 | D        | Noticed a centaur
   481 | D        | Noticed a centaur
   485 | D        | Killed a centaur
   485 | D        | Reached skill level 15 in Axes
   487 | D        | Killed a hippogriff
   490 | D        | Killed a merfolk
   490 | D        | Killed a centaur
   491 | D        | Killed a merfolk
   493 | D        | Killed a merfolk
   509 | D        | Entered arena 11.
   509 | D        | Noticed a fire dragon
   509 | D        | Noticed an eye of devastation
   509 | D        | Noticed a ghost crab
   509 | D        | Noticed an anaconda
   509 | D        | Noticed an orb spider
   509 | D        | Noticed a neqoxec
   509 | D        | Noticed a neqoxec
   509 | D        | Noticed a cyclops
   509 | D        | a ghost crab changed into a cyclops
   509 | D        | Noticed a shining eye
   509 | D        | an anaconda changed into a shining eye
   510 | D        | Noticed a moth of wrath
   510 | D        | Noticed a shock serpent
   510 | D        | a shock serpent changed into a water nymph
   512 | D        | a cyclops changed into a torpor snail
   513 | D        | a fire dragon changed into a queen ant
   513 | D        | Noticed a cyclops
   513 | D        | a shining eye changed into a cyclops
   514 | D        | Noticed a mana viper
   514 | D        | a moth of wrath changed into a mana viper
   514 | D        | Noticed a minotaur
   514 | D        | a queen ant changed into a minotaur
   515 | D        | Killed a neqoxec
   517 | D        | an eye of devastation changed into a swamp worm
   521 | D        | Killed a mana viper
   521 | D        | Killed a cyclops
   521 | D        | Noticed a dire elephant
   521 | D        | a minotaur changed into a dire elephant
   523 | D        | Noticed a quicksilver dragon
   523 | D        | a dire elephant changed into a quicksilver dragon
   526 | D        | Noticed a manticore
   526 | D        | a torpor snail changed into a manticore
   527 | D        | Noticed a fire giant
   527 | D        | a quicksilver dragon changed into a fire giant
   528 | D        | Killed a neqoxec
   528 | D        | Reached skill level 16 in Axes
   529 | D        | Noticed an azure jelly
   529 | D        | a fire giant changed into an azure jelly
   530 | D        | Noticed a sea snake
   530 | D        | a manticore changed into a sea snake
   534 | D        | Killed an azure jelly
   536 | D        | Killed a sea snake
   536 | D        | Reached XP level 12. HP: 87/100 MP: 27/27
   544 | D        | Killed an orb spider
   606 | D        | Entered arena 12.
   606 | D        | Noticed a yellow draconian
   606 | D        | Noticed a purple draconian
   606 | D        | Noticed a purple draconian monk
   606 | D        | Noticed a red draconian
   606 | D        | Noticed a black draconian
   606 | D        | Noticed a black draconian
   606 | D        | Noticed a yellow draconian
   606 | D        | Noticed a golden dragon
   608 | D        | Noticed a purple draconian
   608 | D        | Noticed a green draconian
   609 | D        | Noticed a yellow draconian
   616 | D        | Killed a black draconian
   618 | D        | Killed a golden dragon
   620 | D        | Killed a yellow draconian
   620 | D        | Reached skill level 15 in Armour
   623 | D        | Killed a red draconian
   625 | D        | Killed a purple draconian
   628 | D        | Killed a black draconian
   630 | D        | Killed a purple draconian monk
   630 | D        | Reached skill level 17 in Armour
   636 | D        | Killed a purple draconian
   636 | D        | Reached skill level 18 in Armour
   636 | D        | Reached XP level 13. HP: 83/107 MP: 28/28
   640 | D        | Killed a yellow draconian
   644 | D        | Killed a yellow draconian
   646 | D        | Killed a green draconian
   646 | D        | Reached skill level 19 in Armour
   686 | D        | Entered arena 13.
   686 | D        | Noticed a vault guard
   686 | D        | Noticed a vault guard
   686 | D        | Noticed a vault guard
   687 | D        | Noticed a yaktaur captain
   687 | D        | Noticed a vault guard
   687 | D        | Noticed a vault guard
   688 | D        | Noticed a vault guard
   688 | D        | Noticed a vault guard
   689 | D        | Noticed a vault guard
   689 | D        | Noticed a vault guard
   690 | D        | Noticed a vault guard
   691 | D        | Noticed a vault guard
   694 | D        | Killed a vault guard
   696 | D        | Killed a vault guard
   698 | D        | Killed a vault guard
   699 | D        | Killed a yaktaur captain
   702 | D        | Killed a vault guard
   704 | D        | Killed a vault guard
   708 | D        | Killed a vault guard
   709 | D        | Killed a vault guard
   714 | D        | Killed a vault guard
   715 | D        | Killed a vault guard
   722 | D        | Killed a vault guard
   722 | D        | Reached skill level 20 in Axes
   725 | D        | Killed a vault guard
   736 | D        | Got the ring of Xom's Recklessness {Fire +Inv Int-2}
   749 | D        | Entered arena 14.
   749 | D        | Noticed an orc knight
   749 | D        | Noticed an orc warrior
   750 | D        | Noticed an orc warrior
   750 | D        | Noticed a two-headed ogre
   751 | D        | Killed a two-headed ogre
   751 | D        | Killed an orc warrior
   753 | D        | Noticed an orc warrior
   759 | D        | Killed an orc knight
   759 | D        | Killed an orc warrior
   764 | D        | Killed an orc warrior
   794 | D        | Entered arena 15.
   794 | D        | Noticed a deep elf conjurer
   794 | D        | Noticed a deep elf summoner
   794 | D        | Noticed a deep elf blademaster
   795 | D        | Noticed a deep elf blademaster
   795 | D        | Noticed a deep elf mage
   795 | D        | Noticed a deep elf knight
   795 | D        | Noticed a deep elf mage
   796 | D        | Noticed a deep elf knight
   796 | D        | Noticed a deep elf priest
   796 | D        | Noticed a deep elf summoner
   796 | D        | Noticed a deep elf mage
   797 | D        | Noticed a deep elf mage
   799 | D        | Noticed a deep elf knight
   803 | D        | Killed a deep elf blademaster
   804 | D        | Killed a deep elf mage
   804 | D        | Reached XP level 14. HP: 97/118 MP: 29/29
   808 | D        | Killed a deep elf blademaster
   808 | D        | Killed a deep elf knight
   811 | D        | Killed a deep elf knight
   811 | D        | Reached skill level 15 in Fighting
   811 | D        | Killed a deep elf mage
   814 | D        | Killed a deep elf summoner
   816 | D        | Killed a deep elf mage
   820 | D        | Killed a deep elf conjurer
   820 | D        | Killed a deep elf knight
   821 | D        | Killed a deep elf mage
   821 | D        | Killed a deep elf priest
   824 | D        | Killed a deep elf summoner
   842 | D        | Got the ring "Pitiq" {Int+1 Dex+3 SInv}
   847 | D        | Identified the Volume of Dusty Evil (You found it in the Dungeon)
   856 | D        | Identified the Volume of Dusty Evil (You found it in the Dungeon)
   858 | D        | Entered arena 16.
   865 | D        | Noticed an acid blob
   865 | D        | Noticed a jelly
   867 | D        | Noticed a slime creature
   867 | D        | Noticed a slime creature
   867 | D        | Noticed a jelly
   867 | D        | Noticed a death ooze
   867 | D        | Noticed an eye of devastation
   869 | D        | Noticed a slime creature
   869 | D        | Noticed a death ooze
   869 | D        | Noticed a golden eye
   869 | D        | Noticed a shining eye
   869 | D        | Noticed a slime creature
   870 | D        | Killed a jelly
   873 | D        | Noticed a death ooze
   873 | D        | Killed an acid blob
   873 | D        | Killed a slime creature
   875 | D        | Killed a jelly
   876 | D        | Killed a slime creature
   879 | D        | Killed a slime creature
   879 | D        | Killed a death ooze
   880 | D        | Killed a death ooze
   882 | D        | Killed a slime creature
   883 | D        | Killed a shining eye
   885 | D        | Killed a death ooze
   888 | D        | Killed an eye of devastation
   891 | D        | Killed a golden eye
   903 | D        | Entered arena 17.
   910 | D        | Noticed an orc warlord
   910 | D        | Noticed a stone giant
   911 | D        | Noticed an orc knight
   912 | D        | Noticed an orc warlord
   912 | D        | Noticed an orc knight
   913 | D        | Noticed an orc sorcerer
   913 | D        | Noticed an ettin
   913 | D        | Noticed an orc sorcerer
   918 | D        | Killed a stone giant
   921 | D        | Killed an orc sorcerer
   921 | D        | Killed an ettin
   921 | D        | Reached skill level 21 in Axes
   923 | D        | Killed an orc knight
   923 | D        | Killed an orc knight
   924 | D        | Killed an orc sorcerer
   925 | D        | Killed an orc warlord
   926 | D        | Killed an orc warlord
   970 | D        | Entered arena 18.
   975 | D        | Identified a +6 rod of clouds (13/13) (You found it in the Dungeon)
   978 | D        | Noticed Ijyb
   978 | D        | Noticed Wiglaf
   978 | D        | Noticed Frances
   979 | D        | Noticed Donald
   979 | D        | Noticed Maud
   979 | D        | Noticed Psyche
   979 | D        | Noticed Edmund
   980 | D        | Noticed Snorg
   980 | D        | Noticed Josephine
   980 | D        | Noticed Norris
   980 | D        | Noticed Sigmund
   981 | D        | Noticed Azrael
   985 | D        | Noticed Purgy
   985 | D        | Noticed Grinder
   985 | D        | Killed Edmund
   986 | D        | Killed Ijyb
   987 | D        | Noticed Joseph
   988 | D        | Noticed Jessica
   988 | D        | Killed Josephine
   988 | D        | Reached skill level 22 in Axes
   991 | D        | Killed Wiglaf
   991 | D        | Killed Purgy
   993 | D        | Killed Norris
   993 | D        | Reached skill level 23 in Axes
   993 | D        | Reached XP level 15. HP: 131/131 MP: 27/30
   999 | D        | Killed Grinder
  1018 | D        | Killed Maud
  1019 | D        | Killed Jessica
  1023 | D        | Killed Sigmund
  1028 | D        | Killed Donald
  1035 | D        | Killed Snorg
  1035 | D        | Reached skill level 24 in Axes
  1041 | D        | Killed Psyche
  1073 | D        | Got the ring "Juezaphe" {Wiz Int+1 Dex+5}
  1133 | D        | Entered arena 19.
  1145 | D        | Noticed a slime creature
  1145 | D        | Noticed a great orb of eyes
  1146 | D        | Noticed a golden eye
  1146 | D        | Noticed a slime creature
  1146 | D        | Noticed a slime creature
  1146 | D        | Noticed a jelly
  1149 | D        | Identified a +4 rod of ignition (14/14) (You took it off a vault guard in the Dungeon)
  1150 | D        | Killed a jelly
  1151 | D        | Killed a slime creature
  1153 | D        | Killed a slime creature
  1153 | D        | Killed a slime creature
  1155 | D        | Killed a great orb of eyes
  1163 | D        | Killed a golden eye
  1164 | D        | Noticed an azure jelly
  1164 | D        | Noticed a slime creature
  1165 | D        | Noticed a slime creature
  1165 | D        | Noticed a slime creature
  1165 | D        | Noticed a great orb of eyes
  1165 | D        | Noticed a slime creature
  1165 | D        | Noticed a slime creature
  1165 | D        | Noticed a death ooze
  1166 | D        | Identified a +4 rod of clouds (12/12) (You found it in the Dungeon)
  1172 | D        | Noticed a slime creature
  1172 | D        | Noticed a death ooze
  1172 | D        | Noticed a death ooze
  1172 | D        | Killed an azure jelly
  1172 | D        | Killed a death ooze
  1173 | D        | Noticed a slime creature
  1173 | D        | Killed a slime creature
  1174 | D        | Noticed a death ooze
  1174 | D        | Noticed a slime creature
  1176 | D        | Killed a slime creature
  1177 | D        | Killed a slime creature
  1179 | D        | Killed a slime creature
  1179 | D        | Killed a slime creature
  1180 | D        | Killed a death ooze
  1180 | D        | Killed a death ooze
  1180 | D        | Killed a death ooze
  1181 | D        | Killed a great orb of eyes
  1182 | D        | Killed a slime creature
  1182 | D        | Killed a slime creature
  1182 | D        | Killed a slime creature
  1202 | D        | Identified the Papyrus of Arcane Weapons and Stones (You found it in the Dungeon)
  1212 | D        | Got the ring of the Queen {SustAb +Inv rN+}
  1244 | D        | Entered arena 20.
  1255 | D        | Noticed a titan
  1255 | D        | Noticed a cyclops
  1255 | D        | Noticed a titan
  1256 | D        | Noticed a fire giant
  1256 | D        | Noticed a stone giant
  1256 | D        | Noticed a hill giant
  1256 | D        | Noticed a stone giant
  1256 | D        | Noticed a frost giant
  1256 | D        | Noticed a titan
  1256 | D        | Noticed a frost giant
  1256 | D        | Noticed a titan
  1257 | D        | Noticed a frost giant
  1258 | D        | Noticed a hill giant
  1258 | D        | Noticed a stone giant
  1259 | D        | Noticed a titan
  1259 | D        | Noticed a frost giant
  1259 | D        | Noticed a frost giant
  1260 | D        | Noticed a titan
  1262 | D        | Noticed a fire giant
  1262 | D        | Killed a titan
  1262 | D        | Reached skill level 5 in Dodging
  1262 | D        | HP: 4/131 [titan/the air (33)]
  1265 | D        | Killed from afar by a fire giant

Action                   |  1- 3 |  4- 6 |  7- 9 | 10-12 | 13-15 || total
-------------------------+-------+-------+-------+-------+-------++-------
Melee: Broad axe         |     6 |       |    26 |    88 |   107 ||   227
       Executioner's axe |       |       |       |       |    60 ||    60
Invok: Major Destruction |       |       |       |     2 |     8 ||    10
Evoke: Wand              |     1 |       |       |       |       ||     1
       Phial of floods   |       |       |       |     6 |     8 ||    14
       Stone of tremors  |       |       |       |       |     1 ||     1
       Rod               |       |       |       |       |    10 ||    10
  Use: Potion            |     1 |       |       |     1 |     3 ||     5
       Scroll            |       |       |     1 |     3 |     6 ||    10
 Stab: Distracted        |     1 |       |       |     1 |     2 ||     4
       Confused          |       |       |       |       |     2 ||     2
  Eat: Chunk             |       |       |       |       |     7 ||     7
